 Dungeon Crawl Stone Soup version 0.31-a0-145-g046c7d2 (webtiles) character file.

Game seed: 1039464012377099691

3265137 jagoly the Draconian-At-Arms (level 26, 258/258 HPs)
             Began as a Purple Draconian Hunter on May 30, 2023.
             Was a Believer of Okawaru.
             Escaped with the Orb
             ... and 5 runes on June 5, 2023!
             The game lasted 05:32:54 (66348 turns).

jagoly the Draconian-At-Arms (DrHu)                Turns: 66348, Time: 05:32:55

Health: 258/258    AC: 24    Str: 11    XL:     26   Next: 63%
Magic:  8/39       EV: 46    Int: 17    God:    Okawaru [**....]
Gold:   4827       SH:  0    Dex: 35    Spells: 36/41 levels left

rFire   + . .        a - +8 arbalest of Tenacity {speed, *Corrode rElec rPois Int-2}
rCold   + . .        (shield currently unavailable)
rNeg    + . .        (body armour unavailable)
rPois   +            n - +2 hat {SInv}
rElec   +            o - +2 cloak {rCorr}
rCorr   +            E - +5 pair of gloves "Xedejode" {Int+2 Dex+5}
SInv    +            X - +0 pair of boots "Meuzoir" {Dex+5}
Will    ++++.        K - amulet of regeneration
Stlth   ++           N - ring of Descent {rF+ Will+ Int+3 Dex+2}
HPRegen 1.43/turn    t - ring of Faheb {rC+ rN+ Slay+5}
MPRegen 0.26/turn

%: corrode self (3%)
@: heroic, finesse-ful, studying 3 skills
A: breathe power, AC +12, unfitting armour, cold-blooded, weak 1, no potion heal
1, inability to drink after injury 1
0: Orb of Zot
}: 5/15 runes: decaying, serpentine, slimy, silver, abyssal
a: Breathe Dispelling Energy, Renounce Religion, Heroism


You escaped.
You worshipped Okawaru.
Okawaru was pleased with you.
You visited 12 branches of the dungeon, and saw 56 of its levels.
You visited the Abyss 1 time.
You also visited: Bailey and Ice Cave.

You collected 10816 gold pieces.
You spent 5989 gold pieces at shops.

Inventory:

Hand Weapons
 a - the +8 arbalest of Tenacity (weapon) {speed, *Corrode rElec rPois Int-2}
   (Okawaru gifted it to you on level 15 of the Dungeon)

   Int:       It affects your intelligence (-2).
   rElec:     It insulates you from electricity.
   rPois:     It protects you from poison.
   *Corrode:  It may corrode you when you take damage.
 b - a +9 antimagic longbow
 C - a +0 triple crossbow
Missiles
 v - 3 throwing nets
 I - 11 silver javelins
 O - 22 curare-tipped darts
Armour
 n - a +2 hat of see invisible (worn)
 o - a +2 cloak of preservation (worn)
 E - the +5 pair of gloves "Xedejode" (worn) {Int+2 Dex+5}
   (Okawaru gifted it to you on level 2 of the Realm of Zot)

   Int:       It affects your intelligence (+2).
   Dex:       It affects your dexterity (+5).
 L - the -1 pair of gloves "Mueminy" {Rampage Regen+ rCorr SInv Stlth-}
   (Okawaru gifted it to you on level 4 of the Snake Pit)

   SInv:      It lets you see invisible.
   Regen:     It increases your rate of health regeneration.
   rCorr:     It protects you from acid and corrosion.
   Rampage:   It bestows one free step when moving towards enemies.
   Stlth:     It makes you less stealthy.
 X - the +0 pair of boots "Meuzoir" (worn) {Dex+5}
   (Okawaru gifted it to you on level 3 of the Lair of Beasts)

   Dex:       It affects your dexterity (+5).
Jewellery
 c - a ring of flight
 r - the ring "Wigaloul" {rF+ rC+++ Will++ Str+6 Dex-3}
   (You took it off a deep elf pyromancer on level 3 of the Elven Halls)

   [ring of strength]

   Str:       It affects your strength (+6).
   Dex:       It affects your dexterity (-3).
   rF:        It protects you from fire.
   rC:        It renders you almost immune to cold.
   Will:      It greatly increases your willpower.
 t - the ring of Faheb (right hand) {rC+ rN+ Slay+5}
   (You bought it in a shop on level 1 of the Orcish Mines)

   [ring of protection from cold]

   Slay:      It affects your accuracy & damage with ranged weapons and melee
   (+5).
   rC:        It protects you from cold.
   rN:        It protects you from negative energy.
 K - an amulet of regeneration (around neck)
 N - the ring of Descent (left hand) {rF+ Will+ Int+3 Dex+2}
   (You bought it in a shop on level 2 of the Orcish Mines)

   [ring of protection from fire]

   Int:       It affects your intelligence (+3).
   Dex:       It affects your dexterity (+2).
   rF:        It protects you from fire.
   Will:      It increases your willpower.
Wands
 h - a wand of flame (50)
 j - a wand of paralysis (42)
 y - a wand of quicksilver (79)
 G - a wand of mindburst (10)
 J - a wand of digging (48)
 M - a wand of roots (92)
Scrolls
 f - 13 scrolls of teleportation
 i - 8 scrolls of fog
 l - 9 scrolls of fear
 p - 5 scrolls of silence
 s - 4 scrolls of blinking
 w - 5 scrolls of vulnerability
 z - 8 scrolls of poison
 B - 5 scrolls of immolation
 F - 3 scrolls of magic mapping
 S - 5 scrolls of brand weapon
 Z - 9 scrolls of enchant armour
Potions
 d - 2 potions of ambrosia
 e - 6 potions of cancellation
 g - 17 potions of curing
 k - a potion of haste
 m - 2 potions of invisibility
 q - 6 potions of heal wounds
 u - 4 potions of magic
 x - 2 potions of might
 A - 9 potions of brilliance
 D - 3 potions of attraction
 H - 8 potions of enlightenment
 P - 2 potions of resistance
 W - 5 potions of mutation
Miscellaneous
 T - a phial of floods
 U - a tin of tremorstones (2/2)
 Y - a lightning rod (4/4)


   Skills:
 - Level 25.0(27) Fighting
 - Level 22.0(27) Ranged Weapons
 - Level 1.0(6.0) Throwing
 - Level 20.0(25.0) Dodging
 - Level 8.0(13.0) Stealth
 - Level 8.0 Spellcasting
 - Level 6.0 Translocations
 - Level 6.0 Transmutations
 - Level 6.0 Earth Magic
 + Level 25.8 Invocations
 - Level 18.0 Evocations


You had 36 spell levels left.
You knew the following spells:

 Your Spells              Type           Power      Damage    Failure   Level
q - Apportation           Tloc           54%        N/A       1%          1
w - Passwall              Tmut/Erth      22%        N/A       1%          2
B - Blink                 Tloc           54%        N/A       1%          2

Your spell library contained the following spells:

 Spells                   Type           Power      Damage    Failure   Level
 Beastly Appendage        Tmut           54%        N/A       1%          1
 Sandblast                Erth           54%        2d13      1%          1
 Lesser Beckoning         Tloc           54%        N/A       1%          2
 Wereblood                Tmut           27%        N/A       1%          2
 Gell's Gravitas          Tloc           27%        N/A       2%          3
 Teleport Other           Tloc           27%        N/A       2%          3
 Portal Projectile        Hex/Tloc       34%        N/A       9%          3
 Spider Form              Tmut/Pois      17%        N/A       9%          3
 Stone Arrow              Conj/Erth      34%        3d9       9%          3
 Vhi's Electric Charge    Tloc/Air       34%        N/A       9%          3
 Volatile Blastmotes      Fire/Tloc      34%        2d12      9%          3
 Manifold Assault         Tloc           27%        N/A       9%          4
 Passage of Golubria      Tloc           27%        N/A       9%          4
 Petrify                  Tmut/Erth      27%        N/A       9%          4
 Foxfire                  Conj/Fire      24%        2x1d5     11%         1
 Freeze                   Ice            24%        1d4       11%         1
 Shock                    Conj/Air       24%        1d4       11%         1
 Ignite Poison            Fire/Tmut/Pois 13%        N/A       14%         3
 Cigotuvi's Dreadful Rot  Necr/Pois/Air  12%        N/A       16%         2
 Ensorcelled Hibernation  Hex/Ice        12%        N/A       16%         2
 Poisonous Vapours        Pois/Air       12%        N/A       16%         2
 Static Discharge         Conj/Air       12%        2-3/arc   16%         2
 Lee's Rapid Deconstruct  Erth           13%        3d9*      24%         5
 Dazzling Flash           Conj/Hex       12%        N/A       30%         3
 Frozen Ramparts          Ice            12%        1d2       30%         3
 Hailstorm                Conj/Ice       6%         3d4       30%         3
 Inner Flame              Hex/Fire       6%         N/A       30%         3
 Mephitic Cloud           Conj/Pois/Air  6%         N/A       30%         3
 Swiftness                Air            6%         N/A       30%         3
 Iskenderun's Mystic Bla  Conj/Tloc      17%        2d5       30%         4
 Leda's Liquefaction      Hex/Erth       8%         N/A       30%         4
 Alistair's Intoxication  Tmut/Pois      11%        N/A       63%         5
 Borgnjor's Vile Clutch   Necr/Erth      8%         N/A       63%         5
 Yara's Violent Unravell  Hex/Tmut       8%         3d5       63%         5
 Airstrike                Air            3%         2d(1-17)  71%         4
 Anguish                  Hex/Necr       3%         N/A       71%         4
 Cause Fear               Hex            3%         N/A       71%         4
 Flame Wave               Conj/Fire      6%         2d5       71%         4
 Sticky Flame             Conj/Fire      6%         2d3       71%         4
 Dispersal                Tloc           13%        N/A       80%         6
 Statue Form              Tmut/Erth      18%        N/A       80%         6
 Arcjolt                  Conj/Air       3%         1d13      96%         5
 Fireball                 Conj/Fire      3%         3d4       96%         5
 Freezing Cloud           Conj/Ice/Air   3%         6-21      96%         5
 Iskenderun's Battlesphe  Conj           6%         2d6       96%         5
 Metabolic Englaciation   Hex/Ice        3%         N/A       96%         5
 Eringya's Noxious Bog    Tmut/Pois      8%         N/A       99%         6
 Leda's Unmaking          Conj/Erth      8%         9d2       99%         6
 Conjure Ball Lightning   Conj/Air       3%         3x3d6     100%        6
 Plasma Beam              Fire/Air       3%         2x1d13    100%        6
 Starburst                Conj/Fire      3%         6d3       100%        6
 Dragon Form              Tmut           13%        N/A       100%        7
 Enfeeble                 Hex            3%         N/A       100%        7
 Orb of Destruction       Conj           3%         9d5       100%        7
 Ozocubu's Refrigeration  Ice            3%         4d8       100%        7
 Storm Form               Tmut/Air       8%         N/A       100%        7
 Borgnjor's Revivificati  Necr           3%         N/A       100%        8
 Ignition                 Fire           3%         3d4       100%        8
 Lehudib's Crystal Spear  Conj/Erth      8%         10d4      100%        8
 Necromutation            Tmut/Necr      8%         N/A       100%        8
 Death's Door             Necr           3%         N/A       100%        9
 Polar Vortex             Ice            3%         N/A       100%        9
 Summon Guardian Golem    Hex/Summ       Unusable   N/A       N/A         3
 Tukima's Dance           Hex            Unusable   N/A       N/A         3
 Animate Armour           Summ/Erth      Unusable   N/A       N/A         4
 Summon Forest            Summ/Tloc      Unusable   N/A       N/A         5
 Summon Lightning Spire   Summ/Air       Unusable   N/A       N/A         4
 Simulacrum               Ice/Necr       Unusable   N/A       N/A         6
 Summon Cactus Giant      Summ           Unusable   N/A       N/A         6
 Malign Gateway           Summ/Tloc      Unusable   N/A       N/A         7
 Spellforged Servitor     Conj/Summ      Unusable   N/A       N/A         7
 Dragon's Call            Summ           Unusable   N/A       N/A         9

Dungeon Overview and Level Annotations

Branches:
Dungeon (15/15)            Temple (1/1) D:4            Lair (5/5) D:11
  Swamp (4/4) Lair:3        Snake (4/4) Lair:3        Slime (5/5) Lair:5
    Orc (2/2) D:11            Elf (3/3) Orc:2        Vaults (5/5) D:13
  Crypt (3/3) Vaults:3       Tomb (0/3) Crypt:3      Depths (4/4) D:15
    Zot (5/5) Depths:4     Bailey (visited)           IceCv (visited)

Altars:
Ashenzari
Cheibriados
Dithmenos
Elyvilon
Fedhas
Gozag
Hepliaklqana
Kikubaaqudgha
Makhleb
Nemelex Xobeh
Okawaru
Qazlal
Ru
Sif Muna
Trog
Uskayaw
Vehumet
Wu Jian
Xom
Yredelemnul
Zin
The Shining One
Jiyva

Shops:
D:4 (   D:6 *   D:8 :   Orc:1 =!=   Orc:2 ((==   Elf:2 (=::   Snake:1 :=!
Vaults:1 (:   Depths:1 (![[   Depths:4 *

Portals:
Hell: Depths:1 Depths:2 Depths:3 Depths:4
Abyss: Depths:2 Depths:3
Pandemonium: Depths:2
Ziggurat: Depths:1

Annotations:
Swamp:3 3 runed translucent doors, Qighoun's ghost, journeyman AtFi
Elf:2 3 runed translucent doors
Vaults:1 1 transporter, Saint Roka
Crypt:1 1 transporter
Zot:5 1 exclusion


Innate Abilities, Weirdness & Mutations

You can breathe bolts of dispelling energy.
Your rich purple scales are hard. (AC +12)
You cannot fit into any form of body armour.
You are cold-blooded and may be slowed by cold attacks.
You are weak. (Str -2)
Potions are less effective at restoring your health.
You occasionally lose the ability to drink potions when taking damage.


Message History

The hell hog misses you.
You shoot a bolt. The bolt hits the hell hog!!!
The hell hog is severely wounded.
The hell hog completely misses you.
You shoot a bolt. The bolt hits the hell hog!!
You kill the hell hog!
Okawaru accepts your kill.
No target in view!
(D) Dungeon (T) Temple (L) Lair (S) Swamp (P) Snake Pit (M) Slime Pits (O) Orcish Mines (E) Elven Halls (V) Vaults (C) Crypt (W) Tomb (U) Depths (H) Hell (Z) Zot
Where to? (Enter - D:1 @ (x,y), ? - help)
An Orb Guardian comes into view.
You shoot a bolt. The bolt hits the Orb Guardian!!!
The Orb Guardian is severely wounded.
No target in view!
No target in view!
(D) Dungeon (T) Temple (L) Lair (S) Swamp (P) Snake Pit (M) Slime Pits (O) Orcish Mines (E) Elven Halls (V) Vaults (C) Crypt (W) Tomb (U) Depths (H) Hell (Z) Zot
Where to? (Enter - D:1 @ (x,y), ? - help)
You shoot a bolt. The bolt hits the Orb Guardian!
The Orb Guardian is severely wounded.
A neqoxec comes into view.
You shoot a bolt. The bolt hits the Orb Guardian.
The Orb Guardian is almost dead.
You shoot a bolt. The bolt hits the Orb Guardian!!!
You kill the Orb Guardian!
Okawaru accepts your kill. Okawaru grants you armour!
Something appears at your feet!
You see here the +0 hat "Bayti" {Harm rPois rF- Dex+3}.
You shoot a bolt. The bolt hits the neqoxec!!!
You kill the neqoxec!
Okawaru accepts your kill.
(D) Dungeon (T) Temple (L) Lair (S) Swamp (P) Snake Pit (M) Slime Pits (O) Orcish Mines (E) Elven Halls (V) Vaults (C) Crypt (W) Tomb (U) Depths (H) Hell (Z) Zot
Where to? (Enter - D:1 @ (x,y), ? - help)
There is a stone staircase leading up here.
You climb upwards.
There is a stone staircase leading down here.
An Ice Fiend comes into view.
You shoot a bolt. The bolt hits the Ice Fiend!!
The Ice Fiend is moderately wounded.
You shoot a bolt. The bolt barely misses the Ice Fiend.
You shoot a bolt. The bolt barely misses the Ice Fiend.
You shoot a bolt. The bolt hits the Ice Fiend!!!
The Ice Fiend is severely wounded.
You shoot a bolt. The bolt barely misses the Ice Fiend.
You shoot a bolt. The bolt barely misses the Ice Fiend.
You shoot a bolt. The bolt hits the Ice Fiend.
The Ice Fiend is severely wounded.
You shoot a bolt. The bolt hits the Ice Fiend!!
The Ice Fiend is almost dead.
You shoot a bolt. The bolt hits the Ice Fiend!!
You kill the Ice Fiend!
Okawaru accepts your kill.
(D) Dungeon (T) Temple (L) Lair (S) Swamp (P) Snake Pit (M) Slime Pits (O) Orcish Mines (E) Elven Halls (V) Vaults (C) Crypt (W) Tomb (U) Depths (H) Hell (Z) Zot
Where to? (Enter - D:1 @ (x,y), ? - help) HP restored.
You see here a +2 spectral quarterstaff.
There is a stone staircase leading up here.
You climb upwards.
HP restored.
There is a stone staircase leading down here.
A balrug and a sun demon come into view.
The balrug is wielding a +2 demon whip of venom.
The sun demon shouts!
A sun demon comes into view.
You shoot a bolt. The balrug shouts!
The bolt hits the balrug!!
The balrug is moderately wounded.
You shoot a bolt. The bolt hits the balrug!
The balrug is heavily wounded.
You shoot a bolt. The bolt barely misses the balrug.
The bolt hits the sun demon!!!
The sun demon is almost dead.
The balrug completely misses you.
You shoot a bolt. The bolt completely misses the balrug.
The balrug hits you with a +2 demon whip of venom!
You are engulfed in flames!
You resist.
You shoot a bolt. The bolt barely misses the balrug.
The bolt hits the sun demon!
The sun demon is lightly wounded.
You shoot a bolt. The bolt barely misses the balrug.
The bolt hits the sun demon!!
The sun demon is severely wounded.
The balrug gestures at you.
The fireball explodes!
The fireball engulfs you!! You resist.
The fireball engulfs the balrug.
The balrug completely resists.
You shoot a bolt. The bolt barely misses the balrug.
The balrug completely misses you.
You shoot a bolt. The bolt hits the sun demon!!
You kill the sun demon!
Okawaru accepts your kill. The balrug gestures at you.
The fireball explodes!
The fireball engulfs you! You resist.
The fireball engulfs the balrug.
The balrug completely resists.
You shoot a bolt. The bolt hits the balrug!
The balrug is heavily wounded.
The balrug gestures at you. Something smites you!
You shoot a bolt. The bolt hits the sun demon!!
You kill the sun demon!
Okawaru accepts your kill. The balrug completely misses you.
You shoot a bolt. The bolt hits the balrug!!!
You kill the balrug!
Okawaru accepts your kill.
No target in view!
(D) Dungeon (T) Temple (L) Lair (S) Swamp (P) Snake Pit (M) Slime Pits (O) Orcish Mines (E) Elven Halls (V) Vaults (C) Crypt (W) Tomb (U) Depths (H) Hell (Z) Zot
Where to? (Enter - D:1 @ (x,y), ? - help)
An Orb Guardian comes into view.
You shoot a bolt.
The bolt barely misses the Orb Guardian.
You shoot a bolt. The bolt hits the Orb Guardian!!
The Orb Guardian is moderately wounded.
You shoot a bolt. The bolt hits the Orb Guardian!
The Orb Guardian is heavily wounded.
You shoot a bolt. The bolt hits the Orb Guardian!!!
You kill the Orb Guardian!
Okawaru accepts your kill.
No target in view!
(D) Dungeon (T) Temple (L) Lair (S) Swamp (P) Snake Pit (M) Slime Pits (O) Orcish Mines (E) Elven Halls (V) Vaults (C) Crypt (W) Tomb (U) Depths (H) Hell (Z) Zot
Where to? (Enter - D:1 @ (x,y), ? - help)
There is an open door here.
You see here 5 large rocks.
There is an open door here.
There is a stone staircase leading up here.
You climb upwards.
There is a stone staircase leading down here.
A blizzard demon comes into view.
You shoot a bolt. The bolt hits the blizzard demon!!!
The blizzard demon is heavily wounded.
You shoot a bolt. The bolt hits the blizzard demon!!!
You kill the blizzard demon!
Okawaru accepts your kill.
No target in view!
(D) Dungeon (T) Temple (L) Lair (S) Swamp (P) Snake Pit (M) Slime Pits (O) Orcish Mines (E) Elven Halls (V) Vaults (C) Crypt (W) Tomb (U) Depths (H) Hell (Z) Zot
Where to? (Enter - D:1 @ (x,y), ? - help)
There is a staircase back to the Dungeon here.
You climb upwards.
Welcome back to the Dungeon!
There is a staircase to the Depths here.
You see here +0 fire dragon scales.
A Ruqur, a Hell Sentinel and a tentacled monstrosity come into view.
Press: ? - help, v - describe, . - travel, g - get item
Here: Ruqur Item here: +0 fire dragon scales.
The floor, spattered with blood.
As you read the scroll of teleportation, it crumbles to dust.
You feel strangely unstable.
You feel the Orb delaying your translocation!
The Hell Sentinel roars!
Press: ? - help, v - describe, . - travel
Here: Ruqur The floor.
Cast which spell? (? or * to list)
Aiming: Passwall (safe; 1% risk of failure)
Press: ? - help, Dir - move target A rock wall.
This square is covered in magical glow.
This rock feels extremely deep.
Unknown command.
Unknown command.
Cast which spell? (? or * to list)
Aiming: Passwall (safe; 1% risk of failure)
Press: ? - help, Dir - move target A rock wall.
This square is covered in magical glow.
Ruqur gestures at you.
The bolt of dispelling energy misses you.
You begin to meditate on the wall.
You continue meditating on the rock.
Ruqur splashes you!!
The Hell Sentinel completely misses you. x2
You continue meditating on the rock.
Your surroundings suddenly seem different.
Your meditation is interrupted.
Unknown command.
Magic restored.
An orange demon comes into view.
An orange demon is nearby!
You shoot a bolt. The bolt hits the orange demon!!
The orange demon is moderately wounded.
You shoot a bolt. The bolt hits the orange demon!!
The orange demon is almost dead.
You shoot a bolt. The bolt hits the orange demon!!!
You kill the orange demon!
Okawaru accepts your kill.
No target in view!
A sixfirhy comes into view.
You shoot a bolt. The bolt misses the sixfirhy.
The sixfirhy completely misses you. The sixfirhy misses you.
The sixfirhy completely misses you.
You shoot a bolt. The bolt hits the sixfirhy!!
You kill the sixfirhy!
Okawaru accepts your kill.
No target in view!
A cacodemon comes into view.
The cacodemon shouts!
The cacodemon gestures next to you.
Some rock shatters into small pieces.
You shoot a bolt. The bolt hits the cacodemon!!!
The cacodemon is moderately wounded.
You shoot a bolt. The bolt barely misses the cacodemon.
You shoot a bolt. The bolt hits the cacodemon!!!
The cacodemon is almost dead.
The cacodemon barely misses you. The cacodemon completely misses you.
You shoot a bolt. The bolt hits the cacodemon!!
You kill the cacodemon!
Okawaru accepts your kill.
HP restored.
There is a stone staircase leading up here.
You climb upwards.
There is a stone staircase leading down here.
(D) Dungeon (T) Temple (L) Lair (S) Swamp (P) Snake Pit (M) Slime Pits (O) Orcish Mines (E) Elven Halls (V) Vaults (C) Crypt (W) Tomb (U) Depths (H) Hell (Z) Zot
Where to? (Enter - D:15 @ (x,y), ? - help)
What level of the Dungeon? (default 1, ? - help)
You see here a +2 scimitar of flaming.
Things that are here:
a +0 chain mail; a +2 great sword
There is a stone staircase leading up here.
You climb upwards.
There is a stone staircase leading down here.
A rust devil comes into view.
You shoot a bolt. The bolt closely misses the rust devil.
You shoot a bolt. The bolt hits the rust devil.
The rust devil is lightly wounded.
You shoot a bolt. The bolt hits the rust devil!!!
You kill the rust devil!
Okawaru accepts your kill.
No target in view!
(D) Dungeon (T) Temple (L) Lair (S) Swamp (P) Snake Pit (M) Slime Pits (O) Orcish Mines (E) Elven Halls (V) Vaults (C) Crypt (W) Tomb (U) Depths (H) Hell (Z) Zot
Where to? (Enter - D:1 @ (x,y), ? - help)
There is a stone staircase leading up here.
You climb upwards.
There is a stone staircase leading down here.
An Orb Guardian opens the door.
You shoot a bolt. The bolt hits the Orb Guardian!!
The Orb Guardian is heavily wounded.
The Orb Guardian moves out of view.
No target in view!
No target in view!
No target in view!
(D) Dungeon (T) Temple (L) Lair (S) Swamp (P) Snake Pit (M) Slime Pits (O) Orcish Mines (E) Elven Halls (V) Vaults (C) Crypt (W) Tomb (U) Depths (H) Hell (Z) Zot
Where to? (Enter - D:1 @ (x,y), ? - help)
You shoot a bolt.
The bolt barely misses the Orb Guardian.
You shoot a bolt. The bolt hits the Orb Guardian!!
The Orb Guardian is severely wounded.
You shoot a bolt. The bolt hits the Orb Guardian!!
You kill the Orb Guardian!
Okawaru accepts your kill.
No target in view!
(D) Dungeon (T) Temple (L) Lair (S) Swamp (P) Snake Pit (M) Slime Pits (O) Orcish Mines (E) Elven Halls (V) Vaults (C) Crypt (W) Tomb (U) Depths (H) Hell (Z) Zot
Where to? (Enter - D:1 @ (x,y), ? - help)
There is a stone staircase leading up here.
You climb upwards.
There is a stone staircase leading down here.
There is an open door here.
There is a stone staircase leading up here.
You climb upwards.
There is a stone staircase leading down here.
A Brimstone Fiend comes into view.
You shoot a bolt. The bolt hits the Brimstone Fiend!!
The Brimstone Fiend is moderately wounded.
You shoot a bolt. The bolt hits the Brimstone Fiend.
The Brimstone Fiend is moderately wounded.
You shoot a bolt. The bolt hits the Brimstone Fiend!
The Brimstone Fiend is moderately wounded.
You shoot a bolt. The bolt hits the Brimstone Fiend!
The Brimstone Fiend is heavily wounded.
You shoot a bolt. The bolt hits the Brimstone Fiend!!
The Brimstone Fiend is almost dead.
You shoot a bolt. The bolt hits the Brimstone Fiend!
The Brimstone Fiend is almost dead.
The Brimstone Fiend gestures at you.
The sphere of damnation explodes!
The damnation engulfs you!!
You shoot a bolt. The bolt hits the Brimstone Fiend!!!
You kill the Brimstone Fiend!
Okawaru accepts your kill.
(D) Dungeon (T) Temple (L) Lair (S) Swamp (P) Snake Pit (M) Slime Pits (O) Orcish Mines (E) Elven Halls (V) Vaults (C) Crypt (W) Tomb (U) Depths (H) Hell (Z) Zot
Where to? (Enter - D:1 @ (x,y), ? - help) HP restored.
You see here a +0 trident.
There is a stone staircase leading up here.
You climb upwards.
There is a stone staircase leading down here.
There is a stone staircase leading up here.
You climb upwards.
There is a stone staircase leading down here.
There is a stone staircase leading up here.
You climb upwards.
There is a stone staircase leading down here.
You see here a +0 sling.
Things that are here:
a +0 robe; a +5 dagger
There is a stone staircase leading up, spattered with blood here.
You climb upwards.
There is a stone staircase leading down here.
You see here a +0 shortbow.
There is a stone staircase leading up here.
You climb upwards.
There is a stone staircase leading down here.
A green death comes into view.
The green death roars!
You shoot a bolt. The bolt hits the green death!!!
The green death is heavily wounded.
You shoot a bolt. The bolt hits the green death!
The green death is severely wounded.
The green death gestures at you. The poison arrow misses you.
You shoot a bolt. The bolt hits the green death!!!
You kill the green death!
Okawaru accepts your kill.
No target in view!
(D) Dungeon (T) Temple (L) Lair (S) Swamp (P) Snake Pit (M) Slime Pits (O) Orcish Mines (E) Elven Halls (V) Vaults (C) Crypt (W) Tomb (U) Depths (H) Hell (Z) Zot
Where to? (Enter - D:1 @ (x,y), ? - help)
A blizzard demon comes into view.
You shoot a bolt. The bolt hits the blizzard demon!
The blizzard demon is lightly wounded.
You shoot a bolt.
The bolt barely misses the blizzard demon.
You shoot a bolt. The bolt hits the blizzard demon!
The blizzard demon is moderately wounded.
You shoot a bolt.
The bolt closely misses the blizzard demon.
You shoot a bolt.
The bolt barely misses the blizzard demon.
You shoot a bolt. The bolt hits the blizzard demon!!!
You kill the blizzard demon!
Okawaru accepts your kill.
No target in view!
No target in view!
No target in view!
(D) Dungeon (T) Temple (L) Lair (S) Swamp (P) Snake Pit (M) Slime Pits (O) Orcish Mines (E) Elven Halls (V) Vaults (C) Crypt (W) Tomb (U) Depths (H) Hell (Z) Zot
Where to? (Enter - D:1 @ (x,y), ? - help)
There is a stone staircase leading up here.
You climb upwards.
There is a stone staircase leading down here.
A great orb of eyes comes into view.
You shoot a bolt. The bolt hits the great orb of eyes.
The great orb of eyes is lightly wounded.
You shoot a bolt.
The bolt barely misses the great orb of eyes.
You shoot a bolt.
The bolt hits the great orb of eyes but does no damage.
The great orb of eyes is lightly wounded.
You shoot a bolt. The bolt hits the great orb of eyes.
The great orb of eyes is lightly wounded.
You shoot a bolt. The bolt hits the great orb of eyes!!
The great orb of eyes is heavily wounded.
You shoot a bolt. The bolt hits the great orb of eyes!!!
You kill the great orb of eyes!
Okawaru accepts your kill.
No target in view!
No target in view!
(D) Dungeon (T) Temple (L) Lair (S) Swamp (P) Snake Pit (M) Slime Pits (O) Orcish Mines (E) Elven Halls (V) Vaults (C) Crypt (W) Tomb (U) Depths (H) Hell (Z) Zot
Where to? (Enter - D:1 @ (x,y), ? - help)
Things that are here:
a +0 ring mail; a +4 dire flail of protection
There is a stone staircase leading up here.
You climb upwards.
There is a stone staircase leading down here.
You see here a +0 dagger.
There is a stone staircase leading up here.
You climb upwards.
There is a stone staircase leading down here.
There is a stone staircase leading up here.
You climb upwards.
There is a stone staircase leading down here.
There is an open door here.
There is a staircase leading out of the dungeon here.
You can now deal lightning-fast blows.
Your hands get new energy.
Your hands get new energy.
Your hands get new energy.
Your hands get new energy.
Your hands get new energy.
Your hands get new energy.
Your hands get new energy.
* * * LOW MAGIC WARNING * * *
Okay, then.
You start resting.
A sun demon comes into view.
You shoot a bolt. The bolt hits the sun demon!!!
You kill the sun demon!
Okawaru accepts your kill.
No target in view!
No target in view!
You start resting.
A Hell Sentinel comes into view.
You shoot a bolt. The bolt hits the Hell Sentinel!!
The Hell Sentinel is lightly wounded.
You shoot a bolt. The bolt hits the Hell Sentinel!!!
The Hell Sentinel is severely wounded.
You shoot a bolt.
The bolt barely misses the Hell Sentinel.
You shoot a bolt. The bolt hits the Hell Sentinel.
The Hell Sentinel is severely wounded.
You shoot a bolt.
The bolt barely misses the Hell Sentinel.
You shoot a bolt. The bolt hits the Hell Sentinel.
The Hell Sentinel is severely wounded.
You shoot a bolt. The bolt hits the Hell Sentinel!!
The Hell Sentinel is almost dead.
You shoot a bolt.
The bolt barely misses the Hell Sentinel.
You shoot a bolt. The bolt hits the Hell Sentinel!!
You kill the Hell Sentinel!
Okawaru accepts your kill.
No target in view!
You start resting.
Your hands slow down.
You start resting.
A hellephant comes into view.
You shoot a bolt. The bolt hits the hellephant.
The hellephant is lightly wounded.
You shoot a bolt. The bolt hits the hellephant!!
The hellephant is moderately wounded.
You shoot a bolt. The bolt hits the hellephant!!
The hellephant is moderately wounded.
You shoot a bolt. The bolt hits the hellephant!!!
The hellephant is heavily wounded.
The hellephant completely misses you. x3
You shoot a bolt. The bolt hits the hellephant!!
The hellephant is severely wounded.
You shoot a bolt. The bolt hits the hellephant!
The hellephant is almost dead.
The hellephant misses you.
The hellephant completely misses you. x2
You shoot a bolt. The bolt closely misses the hellephant.
The hellephant tramples you!
You hold your ground!
The hellephant bites you. The hellephant misses you.
You shoot a bolt. The bolt hits the hellephant!
The hellephant is almost dead.
You shoot a bolt. The bolt hits the hellephant!!
You kill the hellephant!
Okawaru accepts your kill.
No target in view!
You start resting.
HP restored.
Magic restored.
You gain the combat prowess of a mighty hero.
You can now deal lightning-fast blows.
You can no longer enter into single combat with a foe.
Okawaru will no longer gift you equipment.
You feel more confident with your borrowed prowess.
Your hands get new energy.
You feel more confident with your borrowed prowess.
Your hands get new energy.
You can no longer speed up your combat.
You feel more confident with your borrowed prowess.
You feel more confident with your borrowed prowess.
You feel more confident with your borrowed prowess.
You feel more confident with your borrowed prowess.
You feel more confident with your borrowed prowess.
You feel more confident with your borrowed prowess.
Okawaru will no longer gift you throwing weapons.
There is a staircase leading out of the dungeon here.
Okay, then.
You have escaped!

#.####.##....
#..........##
###############.#
#...#.......# #.#
#.#...#####.###.##
#.#.#.#...#.#.....
#...###.#.#.#.#..#
#.#.#.#.#.#.#.##.#
#@#.#.#.#.#'#.##.#
###.#.#.#.#...##.#
#...#.#.#.###.##.#
###.#...#.'.#.##..
#.#.###'#.#.#.####
#.#.....#.#.#.####
#...###.#.#.#.....
#.#.#...#.#.######
#.#.#.#####.#


There were no monsters in sight!

Vanquished Creatures
  the Royal Jelly (Slime:5)
  3 dread liches
  4 orbs of fire
  6 ancient liches
  A juggernaut (Depths:3)
  4 Killer Klowns
  3 curse toes
  8 golden dragons
  Nikola (Vaults:3)
  A bone dragon (Crypt:3)
  A shard shrike zombie (Crypt:3)
  A Brimstone Fiend (D:10)
  2 electric golems (Zot:5)
  A hellephant (D:1)
  A Hell Sentinel (D:1)
  2 Ice Fiends
  5 liches
  A shard shrike skeleton (Crypt:1)
  25 Orb Guardians
  21 tentacled monstrosities
  A walking divine tome (Depths:3)
  2 deep elf blademasters (Elf:3)
  6 titans (Vaults:5)
  A walking frostbound tome (Depths:4)
  2 deep elf master archers (Elf:3)
  2 ancient champions (Crypt:2)
  Gastronok (D:10)
  18 acid blobs
  8 quicksilver dragons
  4 sphinxes
  Kirke (Lair:3)
  2 tentacled starspawn (Abyss:3)
  3 thorn hunters
  10 tengu reavers
  7 death cobs
  11 azure jellies
  8 storm dragons
  Donald (Orc:2)
  2 revenants (Crypt:2)
  The ghost of aor the Warrior, an adept MiGl of the Shining One (Elf:3)
  7 rockslimes
  4 frost giants
  16 shadow dragons
  2 draconian monks
  4 nagarajas
  A fenstrider witch (Swamp:3)
  A daeva (Depths:4)
  3 balrugs
  5 deep elf sorcerers
  3 draconian knights
  7 fire giants
  3 iron dragons (Vaults:5)
  27 vault wardens
  7 draconian scorchers
  The ghost of Saucecrufibb the Severer, a journeyman DsBe of Trog (D:15)
  2 ghost moths
  8 draconian shifters
  Louise (Swamp:3)
  3 draconian stormcallers
  Aizul (Swamp:2)
  A cacodemon (D:15)
  2 orc warlords
  A curse skull (Crypt:2)
  6 ghouls
  3 deep elf elementalists
  7 draconian annihilators
  2 caustic shrike skeletons (Crypt:3)
  24 very ugly things
  12 quicksilver oozes
  4 formless jellyfish
  5 war gargoyles
  2 spriggan defenders (Depths:2)
  17 ironbound preservers
  16 stone giants
  9 vampire knights
  9 green draconians
  8 ironbound thunderhulks
  6 yellow draconians
  Nessos (Lair:3)
  7 purple draconians
  15 white draconians
  4 dire elephants
  9 deep elf annihilators
  5 eleionomae
  10 deep elf demonologists
  5 black draconians
  3 eidola (Crypt:2)
  2 spark wasps (Depths:4)
  10 red draconians
  4 bunyips
  4 starcursed masses (Abyss:3)
  Snorg (Orc:2)
  2 green deaths
  3 crystal guardians (Crypt:3)
  The ghost of Kobimuze the Martial Artist, a journeyman MfTm of Gozag (Lair:1)
  2 blizzard demons
  3 ettins
  6 deep elf death magi
  2 mummy priests (Crypt:2)
  4 shambling mangroves (Swamp:4)
  Josephine (Orc:1)
  9 great orbs of eyes
  3 spriggan zombies
  4 deep elf high priests
  4 jiangshi
  12 yaktaur captains
  2 entropy weavers
  9 fire dragons
  A rakshasa (D:15)
  Harold (D:10)
  44 vault guards
  A caustic shrike simulacrum (IceCv)
  4 salamander tyrants (Snake:4)
  A peacekeeper (Vaults:4)
  An ogre mage (Vaults:5)
  9 centaur warriors
  4 ghost crabs (Swamp:4)
  16 hydras
  5 ironbound frosthearts
  2 spriggan air magi
  Erica (D:11)
  11 ice dragons
  3 boulder beetles
  A catoblepas (Lair:5)
  11 anacondas
  3 death knights
  The ghost of Ugopijai the Fighter, a novice DrFE of Vehumet (Lair:1)
  8 alligators
  7 two-headed ogres
  14 dancing weapons
  4 deep troll shamans
  An alligator (shapeshifter) (Vaults:5)
  8 naga warriors
  2 thrashing horrors (Abyss:3)
  A titan zombie (Crypt:1)
  10 shock serpents
  4 tengu warriors
  An orc high priest (Orc:2)
  2 deep troll earth magi
  8 vampire magi
  Urug (Lair:1)
  8 death yaks (Lair:5)
  5 spriggan berserkers
  Sonja (D:10)
  4 hell hogs (Depths:4)
  A soul eater (Crypt:2)
  11 naga sharpshooters
  13 hell knights
  6 deep elf knights
  4 sun demons
  21 spriggans
  2 wretched stars (Abyss:3)
  A fire crab (shapeshifter) (D:15)
  2 sixfirhies
  3 shadow wraiths (Crypt:2)
  4 iron trolls
  10 flayed ghosts
  A death drake (Swamp:3)
  4 goliath frogs
  A golden dragon zombie (Crypt:3)
  A sea snake (shapeshifter) (Elf:2)
  6 salamander mystics
  45 deep trolls
  26 skeletal warriors
  6 spriggan druids
  7 naga ritualists
  An anaconda zombie (Crypt:3)
  4 glowing orange brains
  20 ironbound convokers
  14 swamp dragons
  4 wizards
  17 phantasmal warriors
  9 bog bodies
  7 deep elf archers
  An obsidian statue (IceCv)
  12 spriggan simulacra (IceCv)
  2 anaconda skeletons
  31 ugly things
  A bunyip skeleton (Crypt:3)
  13 necromancers
  5 orc sorcerers
  11 deep elf zephyrmancers
  14 lindwurms
  5 orc knights
  30 deep elf pyromancers
  12 mana vipers
  A manticore (shapeshifter) (Depths:4)
  A worldbinder (Abyss:3)
  5 shining eyes
  18 salamanders
  5 manticores
  4 cyclopes
  A will-o-the-wisp (Swamp:2)
  A rust devil (D:13)
  7 guardian serpents
  A smoke demon (Depths:3)
  A centaur zombie (Crypt:3)
  30 moths of wrath
  A dire elephant zombie (Crypt:1)
  2 apocalypse crabs (Abyss:3)
  19 vault sentinels
  22 elephants
  4 eyes of devastation
  A black mamba (shapeshifter) (D:14)
  3 torpor snails (Lair:5)
  An orange demon (D:15)
  37 black mambas
  17 naga magi
  3 centaur skeletons
  An unseen horror (shapeshifter) (Vaults:5)
  A komodo dragon (shapeshifter) (Vaults:5)
  3 unseen horrors
  16 cane toads
  A white draconian zombie (Crypt:1)
  A rime drake (Lair:5)
  Maggie (D:8)
  A yaktaur (shapeshifter) (D:15)
  2 kobold demonologists
  A rime drake (shapeshifter) (D:15)
  24 yaktaurs
  A swamp worm zombie (Crypt:1)
  8 ice devils (IceCv)
  11 freezing wraiths
  9 komodo dragons
  A pale draconian skeleton (Crypt:2)
  5 tengu conjurers
  An anaconda simulacrum (IceCv)
  2 efreet
  3 guardian mummies (Crypt:1)
  An ancient zyme (Abyss:3)
  A green draconian skeleton (Crypt:2)
  3 human skeletons
  A queen bee (shapeshifter) (Vaults:5)
  2 bloated husks
  3 harpy zombies (Crypt:3)
  28 hornets
  6 trolls
  A snapping turtle (shapeshifter) (Vaults:5)
  14 polar bears
  14 tyrant leeches
  A tarantella (Vaults:4)
  A mana viper skeleton (Crypt:2)
  14 dream sheep (Lair:5)
  A tarantella (shapeshifter) (Elf:1)
  A wolf spider simulacrum (D:15)
  A harpy skeleton (Crypt:1)
  9 blink frogs
  A dream sheep (shapeshifter) (Elf:1)
  2 raiju (Lair:5)
  A fire dragon zombie (Crypt:1)
  A culicivora (Vaults:4)
  28 flying skulls
  A culicivora (shapeshifter) (Elf:2)
  79 slime creatures
  2 water elementals
  An elf zombie (Vaults:2)
  A centaur simulacrum (Crypt:1)
  47 yaks
  3 shadows
  2 air elementals (Elf:2)
  2 dire elephant simulacra (IceCv)
  11 wraiths
  A wind drake zombie (Crypt:2)
  4 wyverns
  Grum (D:9)
  4 basilisks
  A hog (shapeshifter) (Vaults:5)
  2 neqoxecs
  23 fire elementals
  7 hogs
  3 vampire mosquitoes (D:12)
  4 steam dragons
  A redback (Vaults:4)
  7 minotaur simulacra (IceCv)
  2 chaos spawn (Elf:2)
  8 wargs
  4 acid dragons
  Edmund (D:4)
  34 nagas
  Duvessa (D:7)
  3 harpy simulacra
  13 swamp worms
  13 hell hounds (Lair:5)
  A large abomination (Abyss:3)
  9 swamp drakes
  21 water moccasins
  A faun skeleton (Crypt:2)
  A floating eye (Depths:4)
  13 black bears
  A hornet zombie (Crypt:2)
  A sky beast (D:7)
  42 orc warriors
  2 alligator simulacra (IceCv)
  10 ogres
  2 ice beasts (D:8)
  A boggart (shapeshifter) (Vaults:5)
  A swamp dragon skeleton (Crypt:2)
  31 wolves
  2 ettin simulacra (IceCv)
  6 centaurs
  A phantom (D:4)
  An elephant skeleton (Crypt:1)
  3 kobold brigands
  5 earth elementals
  14 bullfrogs
  A necrophage (Crypt:3)
  A gnoll sergeant (D:13)
  4 scorpions
  A cyclops zombie (Crypt:1)
  6 deep troll simulacra (IceCv)
  8 wights (D:7)
  20 killer bees
  Dowan (D:7)
  2 electric eels (Lair:4)
  6 howler monkeys
  An electric eel (shapeshifter) (Depths:3)
  2 small abominations (Abyss:3)
  3 lava snakes (Lair:3)
  2 hounds
  A jelly (D:4)
  2 gnoll boudas
  3 human zombies (Crypt:1)
  20 orc priests
  Ijyb (D:5)
  A sleepcap (D:5)
  8 iguanas
  31 orc wizards
  A sky beast zombie (Crypt:1)
  A deep dwarf skeleton (Crypt:2)
  A naga skeleton (Crypt:1)
  4 mummies (Crypt:1)
  23 gnolls
  5 adders
  A shadow imp (D:8)
  2 white imps
  2 ufetubi (D:6)
  2 worms (D:2)
  A dart slug (D:2)
  72 orcs
  6 ball pythons
  5 endoplasms
  3 giant cockroaches
  18 goblins
  10 hobgoblins
  A jackal (shapeshifter) (Vaults:5)
  11 jackals
  28 kobolds
  6 quokkas
  6 bats
  7 frilled lizards
  A frilled lizard zombie (Crypt:1)
  7 rats
  A spectral hobgoblin (D:2)
  A butterfly (D:8)
  A lurking horror (Abyss:3)
  A starspawn tentacle (Abyss:3)
2388 creatures vanquished.

Vanquished Creatures (others)
  A fire giant (Vaults:5)
  A black draconian (Zot:5)
  2 dancing weapons (Crypt:3)
  A lindwurm (Swamp:4)
  A deep elf zephyrmancer (Elf:1)
  A tengu conjurer (D:13)
  3 starspawn tentacles (Abyss:3)
10 creatures vanquished.

Grand Total: 2398 creatures vanquished

Notes
Turn   | Place    | Note
-------+----------+-------------------------------------------
     0 | D:1      | jagoly the Draconian Hunter began the quest for the Orb.
     0 | D:1      | Reached XP level 1. HP: 17/17 MP: 1/1
    33 | D:1      | Reached skill level 1 in Stealth
   161 | D:1      | Reached XP level 2. HP: 22/24 MP: 2/2
   513 | D:1      | Reached XP level 3. HP: 29/29 MP: 3/3
  1163 | D:2      | Found a faded altar of an unknown god.
  1430 | D:2      | Reached XP level 4. HP: 36/36 MP: 4/4
  1726 | D:3      | Reached skill level 5 in Ranged Weapons
  1911 | D:3      | Found a broken altar of Ashenzari.
  2168 | D:3      | Reached XP level 5. HP: 38/41 MP: 5/5
  2313 | D:4      | Found Estawkask's Antique Weapon Shop.
  2333 | D:4      | Noticed a black bear
  2420 | D:4      | Noticed a phantom
  2468 | D:4      | Found a blossoming altar of Fedhas.
  2715 | D:4      | Noticed Edmund
  2834 | D:4      | Found a staircase to the Ecumenical Temple.
  2843 | Temple   | Entered the Ecumenical Temple
  3028 | Temple   | Became a worshipper of the Shining One
  3086 | D:4      | Noticed an ogre
  3277 | D:5      | Entered Level 5 of the Dungeon
  3388 | D:5      | Noticed Ijyb
  3554 | D:4      | Killed a phantom
  3555 | D:4      | Reached XP level 6. HP: 47/48 MP: 6/6
  3955 | D:5      | Your scales start taking on a rich purple colour.
  3955 | D:5      | Reached XP level 7. HP: 15/55 MP: 7/7
  4229 | D:5      | Found an iron altar of Okawaru.
  4254 | D:5      | Fell from the grace of the Shining One
  4254 | D:5      | Became a worshipper of Warmaster Okawaru
  4359 | D:5      | Paralysed by a gnoll for 4 turns
  4642 | D:6      | Found a shadowy altar of Dithmenos.
  4790 | D:6      | Found Haliar's Gadget Gallery.
  6212 | D:6      | Upgraded the game from 0.31-a0-117-g42d8f58 to
                  | 0.31-a0-120-gf10b62a
  6223 | D:7      | Found a sparkling altar of Nemelex Xobeh.
  6273 | D:7      | Reached * piety under Okawaru
  6298 | D:7      | Reached XP level 8. HP: 49/62 MP: 8/8
  6524 | D:7      | Reached skill level 10 in Ranged Weapons
  6652 | D:7      | Reached ** piety under Okawaru
  6684 | D:7      | Found a flagged portal.
  6705 | D:7      | Reached XP level 9. HP: 39/69 MP: 9/9
  6751 | Bailey   | Entered a bailey
  6948 | Bailey   | Noticed an orc warlord
  6963 | Bailey   | Noticed an orc knight
  6981 | Bailey   | Killed an orc knight
  6981 | Bailey   | Reached *** piety under Okawaru
  7084 | Bailey   | Found a runed translucent gate.
  7086 | Bailey   | Found a runed translucent gate.
  7087 | Bailey   | Found a runed translucent gate.
  7318 | D:7      | Found an ancient bone altar of Kikubaaqudgha.
  7319 | D:7      | Found an ornate altar of the Wu Jian Council.
  7320 | D:7      | Found a white marble altar of Elyvilon.
  7473 | D:7      | Noticed Dowan
  7645 | D:7      | Noticed Duvessa
  7661 | D:7      | Killed Dowan
  7696 | D:7      | Killed Duvessa
  7724 | D:7      | Reached skill level 5 in Dodging
  7724 | D:7      | Reached XP level 10. HP: 84/84 MP: 10/10
  7946 | D:8      | Identified the +2 robe "Uvuniv" {rF+ rN+}
  8021 | D:8      | Found Godghepe's Book Shop.
  8057 | D:8      | Noticed a two-headed ogre
  8060 | D:8      | Noticed Maggie
  8071 | D:8      | Killed a two-headed ogre
  8072 | D:8      | Reached skill level 1 in Invocations
  8099 | D:8      | Found a hazy altar of Hepliaklqana.
  8357 | D:8      | Noticed a two-headed ogre
  8524 | D:9      | Noticed Grum
  8641 | D:9      | Noticed a death knight
  8646 | D:9      | Noticed a cyclops
  8823 | D:9      | Killed Grum
  8823 | D:9      | Reached **** piety under Okawaru
  8863 | D:9      | Reached XP level 11. HP: 92/92 MP: 12/12
  9449 | D:8      | Killed a two-headed ogre
  9449 | D:8      | Reached ***** piety under Okawaru
  9449 | D:8      | Received a gift from Okawaru
  9543 | D:8      | Found a shimmering altar of Xom.
  9698 | D:8      | Killed Maggie
  9797 | D:8      | Reached skill level 5 in Invocations
  9858 | D:8      | Upgraded the game from 0.31-a0-120-gf10b62a to
                  | 0.31-a0-145-g046c7d2
 10247 | D:4      | Killed Edmund
 10287 | D:5      | Killed Ijyb
 10433 | D:10     | Entered Level 10 of the Dungeon
 10434 | D:10     | Noticed Harold
 10815 | D:9      | Reached skill level 1 in Throwing
 11241 | D:9      | Identified the +1 pair of gloves of Protective Custody {rF+
                  | Str+2} (Okawaru gifted it to you on level 9 of the Dungeon)
 11241 | D:9      | Received a gift from Okawaru
 11509 | D:9      | Killed a death knight
 11769 | D:10     | Noticed Sonja
 11779 | D:10     | Killed Sonja
 11972 | D:10     | Reached skill level 15 in Ranged Weapons
 12059 | D:10     | Noticed Gastronok
 12184 | D:10     | Killed Harold
 12185 | D:10     | Reached XP level 12. HP: 97/101 MP: 9/18
 12309 | D:10     | Killed Gastronok
 12314 | D:10     | Identified the +1 ring mail "Nasaciba" {rN+ Str+2}
 12573 | D:10     | Found a bloodstained altar of Trog.
 12916 | D:11     | Found a staircase to the Orcish Mines.
 13202 | D:11     | Noticed Erica
 13216 | D:11     | Killed Erica
 13634 | D:11     | Noticed a two-headed ogre
 13643 | D:11     | Killed a two-headed ogre
 13759 | D:11     | Found a staircase to the Lair.
 14172 | Lair:1   | Entered Level 1 of the Lair of Beasts
 14318 | Lair:1   | Reached skill level 1 in Evocations
 14863 | Lair:1   | Noticed Urug
 14905 | Lair:1   | Killed Urug
 14905 | Lair:1   | Received a gift from Okawaru
 14948 | Lair:1   | Found a runed translucent gate.
 14948 | Lair:1   | Found a runed translucent gate.
 14948 | Lair:1   | Found a runed translucent gate.
 14952 | Lair:1   | Noticed Ugopijai's ghost (novice DrFE)
 14952 | Lair:1   | Noticed Kobimuze's ghost (journeyman MfTm)
 15607 | Lair:2   | Reached XP level 13. HP: 110/110 MP: 19/19
 16067 | Lair:2   | You fall into a shaft and drop 1 floor!
 16172 | Lair:3   | Identified the +0 pair of boots "Meuzoir" {Dex+5} (Okawaru
                  | gifted it to you on level 3 of the Lair of Beasts)
 16172 | Lair:3   | Received a gift from Okawaru
 17108 | Lair:3   | Reached skill level 10 in Fighting
 17138 | Lair:3   | Noticed Kirke
 17161 | Lair:2   | Reached skill level 10 in Invocations
 17297 | Lair:3   | Killed Kirke
 17497 | Lair:3   | Found a staircase to the Swamp.
 17633 | Lair:3   | Noticed Nessos
 18064 | Lair:3   | Found a staircase to the Snake Pit.
 18773 | Lair:4   | Identified the +2 cloak of Articulation {Contam Rampage
                  | Int+5} (Okawaru gifted it to you on level 4 of the Lair of
                  | Beasts)
 18773 | Lair:4   | Received a gift from Okawaru
 19108 | Lair:5   | Entered Level 5 of the Lair of Beasts
 19110 | Lair:5   | Found a staircase to the Slime Pits.
 19110 | Lair:5   | Found a viscous altar of Jiyva.
 19136 | Lair:5   | Reached XP level 14. HP: 124/124 MP: 21/21
 20611 | Lair:5   | Identified the +3 giant club "Ucres" {heavy, Int+6 Dex+3}
 20829 | Lair:5   | Received a gift from Okawaru
 21632 | Lair:5   | Reached ****** piety under Okawaru
 21643 | Lair:5   | Received a gift from Okawaru
 21989 | Lair:5   | Identified the +0 ring mail of Golyxkiost {+Inv rC+ Str-3}
 22145 | Lair:3   | Killed Nessos
 22283 | D:12     | Reached XP level 15. HP: 136/136 MP: 23/23
 23002 | D:12     | Reached skill level 10 in Dodging
 23201 | D:13     | Reached skill level 5 in Evocations
 23365 | D:13     | Found a gate to the Vaults.
 23415 | D:13     | Received a gift from Okawaru
 24046 | Orc:1    | Entered Level 1 of the Orcish Mines
 24046 | Orc:1    | Found Kiatopp's Distillery.
 24143 | Orc:1    | Found Lawuacw's Jewellery Boutique.
 24254 | Orc:2    | Entered Level 2 of the Orcish Mines
 24268 | Orc:2    | Noticed Donald
 24286 | Orc:2    | Killed Donald
 24926 | Orc:2    | Noticed Snorg
 24942 | Orc:2    | Killed Snorg
 25041 | Orc:2    | Found a staircase to the Elven Halls.
 25114 | Orc:2    | Found Egutiake's Jewellery Emporium.
 25114 | Orc:2    | Found Wucif's Antique Weapon Shoppe.
 25120 | Orc:2    | Found Zyroud's Antique Weapon Shoppe.
 25122 | Orc:2    | Found Ucois's Jewellery Emporium.
 25320 | Orc:1    | Found Mycsu's Jewellery Boutique.
 25421 | Orc:1    | Noticed Josephine
 25432 | Orc:2    | Received a gift from Okawaru
 25495 | Orc:1    | Bought the ring of Faheb {rC+ rN+ Slay+5} for 858 gold
                  | pieces
 26046 | D:14     | Received a gift from Okawaru
 26365 | D:14     | Reached XP level 16. HP: 147/147 MP: 25/25
 26748 | D:15     | Entered Level 15 of the Dungeon
 26853 | D:15     | Identified the +8 arbalest of Tenacity {speed, *Corrode
                  | rElec rPois Int-2} (Okawaru gifted it to you on level 15 of
                  | the Dungeon)
 26853 | D:15     | Received a gift from Okawaru
 27038 | D:15     | Found a shadowy altar of Dithmenos.
 27059 | D:15     | Reached skill level 15 in Fighting
 27267 | D:15     | Found a runed translucent door.
 27273 | D:15     | Noticed Saucecrufibb's ghost (journeyman DsBe)
 27342 | D:15     | Found a staircase to the Depths.
 27631 | Snake:1  | Entered Level 1 of the Snake Pit
 27663 | Snake:1  | Found a frozen archway.
 27671 | Snake:1  | Received a gift from Okawaru
 27681 | IceCv    | Entered an ice cave
 28466 | IceCv    | Noticed an Ice Fiend
 28480 | IceCv    | Killed an Ice Fiend
 28721 | Snake:1  | Reached skill level 10 in Evocations
 28847 | Snake:1  | Found Afexzir's Distillery.
 28849 | Snake:1  | Found Deriys's Jewellery Shop.
 28851 | Snake:1  | Found Reck's Book Boutique.
 28859 | Snake:1  | Bought a potion of resistance for 100 gold pieces
 28859 | Snake:1  | Bought a potion of degeneration for 10 gold pieces
 28860 | Snake:1  | Bought 2 potions of ambrosia for 160 gold pieces
 29761 | Snake:2  | Identified the +2 buckler of the Everdark {rF+ Slay+3}
                  | (Okawaru gifted it to you on level 2 of the Snake Pit)
 29761 | Snake:2  | Received a gift from Okawaru
 30208 | Snake:3  | Reached XP level 17. HP: 158/158 MP: 26/26
 30939 | Snake:3  | Identified the +7 plate armour of Baldness {Int+2}
 31343 | Snake:4  | Entered Level 4 of the Snake Pit
 31366 | Snake:4  | Identified the +0 pair of gloves of Okawaru's Reproof
                  | {rElec} (Okawaru gifted it to you on level 4 of the Snake
                  | Pit)
 31366 | Snake:4  | Received a gift from Okawaru
 32574 | Arena    | Entered the Arena
 32608 | Snake:4  | Identified the -1 pair of gloves "Mueminy" {Rampage Regen+
                  | rCorr SInv Stlth-} (Okawaru gifted it to you on level 4 of
                  | the Snake Pit)
 32608 | Snake:4  | Received a gift from Okawaru
 33303 | Snake:4  | Got a serpentine rune of Zot
 33499 | Snake:1  | Bought a potion of haste for 100 gold pieces
 33499 | Snake:1  | Bought a potion of heal wounds for 50 gold pieces
 33499 | Snake:1  | Bought a potion of heal wounds for 50 gold pieces
 33499 | Snake:1  | Bought a potion of curing for 30 gold pieces
 33568 | Swamp:1  | Entered Level 1 of the Swamp
 33617 | Swamp:1  | Reached XP level 18. HP: 131/170 MP: 26/28
 33996 | Swamp:1  | You fall into a shaft and drop 1 floor!
 34050 | Swamp:2  | Received a gift from Okawaru
 34387 | Swamp:2  | Noticed Aizul
 34393 | Swamp:2  | Killed Aizul
 34952 | Swamp:3  | Found a runed translucent gate.
 34953 | Swamp:3  | Found a runed translucent gate.
 34954 | Swamp:3  | Found a runed translucent gate.
 34954 | Swamp:3  | Noticed a tentacled monstrosity
 34955 | Swamp:3  | Noticed Qighoun's ghost (journeyman AtFi)
 35354 | Swamp:3  | Noticed Louise
 35367 | Swamp:3  | Killed Louise
 35577 | Swamp:4  | Entered Level 4 of the Swamp
 35612 | Swamp:4  | Received a gift from Okawaru
 35888 | Swamp:4  | Identified the scarf of the Echidna {shadows, rElec rPois}
                  | (Okawaru gifted it to you on level 4 of the Swamp)
 35888 | Swamp:4  | Received a gift from Okawaru
 36203 | Swamp:4  | Reached skill level 15 in Evocations
 36207 | Swamp:4  | Reached skill level 15 in Invocations
 36329 | Swamp:4  | Got a decaying rune of Zot
 36691 | Orc:1    | Killed Josephine
 36939 | D:6      | Bought a phial of floods for 480 gold pieces
 36939 | D:6      | Bought a tin of tremorstones (2/2) for 480 gold pieces
 37083 | Elf:1    | Entered Level 1 of the Elven Halls
 37249 | Elf:1    | Reached XP level 19. HP: 180/180 MP: 30/30
 37459 | Elf:1    | Learned a level 2 spell: Blink
 37461 | Elf:1    | Learned a level 1 spell: Apportation
 37798 | Elf:2    | Found Sor Bagu's Weapon Shoppe.
 37880 | Elf:2    | Reached skill level 1 in Spellcasting
 37886 | Elf:2    | Reached skill level 1 in Translocations
 37947 | Elf:2    | Found Oseged's Jewellery Emporium.
 37947 | Elf:2    | Found Jenaiq's Book Boutique.
 37948 | Elf:2    | Found Ymutemue's Book Boutique.
 38009 | Elf:2    | Received a gift from Okawaru
 38218 | Elf:2    | Found a runed translucent gate.
 38218 | Elf:2    | Found a runed translucent gate.
 38252 | Elf:2    | Found a runed translucent gate.
 38428 | Elf:3    | Entered Level 3 of the Elven Halls
 39057 | Elf:3    | Found a runed translucent door.
 39082 | Elf:3    | Noticed aor's ghost (adept MiGl)
 39103 | Elf:3    | Killed aor's ghost
 39394 | Elf:2    | Found an ancient bone altar of Kikubaaqudgha.
 39474 | Elf:3    | Received a gift from Okawaru
 39502 | Elf:3    | Identified the +1 cloak of Jeawnur {+Blink Int+4} (Okawaru
                  | gifted it to you on level 3 of the Elven Halls)
 39502 | Elf:3    | Received a gift from Okawaru
 39586 | Elf:3    | Identified the +9 quarterstaff "Killer Bee's Bane" {freeze,
                  | Fly Will+++ Dex+3 Stlth-}
 39586 | Elf:3    | Identified the ring "Wigaloul" {rF+ rC+++ Will++ Str+6
                  | Dex-3}
 39660 | Elf:3    | Identified the +1 plate armour of Powerful Joy {Harm}
 39665 | Elf:3    | Identified the +12 shortbow of Mosynuoj {heavy, rCorr}
 39707 | Elf:3    | Identified the staff of poison "Ponleaqe" {rPois MP+9 Int+6
                  | Dex-3 SInv}
 39718 | Elf:3    | Identified the staff of earth "Yrinoixich" {Fly rN+ Dex+3}
 39733 | Elf:3    | Identified the staff of poison "Vojawat" {rPois rF+ rN++
                  | Str+3}
 39743 | Elf:3    | Identified the +2 short sword "Maetigal" {pain, Int+3}
 39777 | Elf:3    | Identified the staff of death "Xooch" {rN+ Int+3}
 39859 | Elf:3    | Identified the staff of death "Qodetrob" {rElec rN+}
 39862 | Elf:3    | Identified the staff of poison "Kairuac" {rElec rPois rN+
                  | Dex-2 Stlth+}
 39986 | Orc:2    | Bought the ring of Descent {rF+ Will+ Int+3 Dex+2} for 721
                  | gold pieces
 40025 | Orc:1    | Bought a potion of heal wounds for 70 gold pieces
 40025 | Orc:1    | Bought a potion of cancellation for 112 gold pieces
 40025 | Orc:1    | Bought a potion of heal wounds for 70 gold pieces
 40172 | Vaults:1 | Entered Level 1 of the Vaults
 40406 | Vaults:1 | Reached skill level 15 in Dodging
 40455 | Vaults:1 | Found Tahel's Weapon Emporium.
 40485 | Vaults:1 | Found a transporter.
 40487 | Vaults:1 | Found a shimmering blue altar of Sif Muna.
 40501 | Vaults:1 | Found Carghischo's Book Emporium.
 40551 | Vaults:1 | Reached skill level 5 in Spellcasting
 40622 | Vaults:1 | Reached XP level 20. HP: 191/191 MP: 32/32
 40703 | Vaults:1 | Reached skill level 5 in Translocations
 40878 | Vaults:1 | Identified the +3 great sword of Temperance {heavy, rPois
                  | rF+++ Will- Int-3}
 41299 | Vaults:1 | Noticed an ancient lich
 41299 | Vaults:1 | Noticed Saint Roka
 41499 | Vaults:1 | Bought a manual of Ranged Weapons for 1520 gold pieces
 41710 | Vaults:2 | Received a gift from Okawaru
 41811 | Vaults:2 | Identified a scroll of acquirement
 41812 | Vaults:2 | Acquired 1077 gold pieces
 42792 | Vaults:3 | Noticed Nikola
 42802 | Vaults:3 | Killed Nikola
 43393 | Vaults:3 | You fall into a shaft and drop 1 floor!
 43846 | Vaults:3 | Found a staircase to the Crypt.
 43846 | Vaults:3 | Found a basalt altar of Yredelemnul.
 43846 | Vaults:3 | Found an ancient bone altar of Kikubaaqudgha.
 43956 | Vaults:3 | Received a gift from Okawaru
 44008 | Vaults:3 | Identified the +6 arbalest "Kiykhotu" {elec, Contam rF++
                  | Will+} (Okawaru gifted it to you on level 3 of the Vaults)
 44008 | Vaults:3 | Received a gift from Okawaru
 44949 | Vaults:4 | Reached XP level 21. HP: 163/201 MP: 33/33
 45866 | Crypt:1  | Entered Level 1 of the Crypt
 45982 | Arena    | Entered the Arena
 46143 | Crypt:1  | Found a transporter.
 46484 | Crypt:1  | Found a transporter.
 46892 | Crypt:2  | Received a gift from Okawaru
 47030 | Crypt:2  | Found an ancient bone altar of Kikubaaqudgha.
 47046 | Crypt:2  | Identified the scarf of the Great Game {harm, +Inv}
 47494 | Crypt:2  | Found a glowing golden altar of the Shining One.
 47514 | Crypt:2  | Found a burning altar of Makhleb.
 47549 | Crypt:3  | Entered Level 3 of the Crypt
 47801 | Crypt:3  | Received a gift from Okawaru
 48079 | Crypt:3  | Found an ancient bone altar of Kikubaaqudgha.
 48079 | Crypt:3  | Noticed an ancient lich
 48087 | Crypt:3  | Killed an ancient lich
 48088 | Crypt:3  | Reached XP level 22. HP: 213/213 MP: 11/34
 48263 | Crypt:3  | Identified the +0 buckler of Athous {Str+7} (Okawaru gifted
                  | it to you on level 3 of the Crypt)
 48263 | Crypt:3  | Received a gift from Okawaru
 48302 | Crypt:3  | Identified the +8 scimitar "Fik Fapn" {freeze, rC++}
 48521 | Crypt:3  | Found a staircase to the Tomb.
 48896 | Crypt:1  | You fall into a shaft and drop 1 floor!
 49091 | Depths:1 | Entered Level 1 of the Depths
 49094 | Depths:1 | Found a gateway to Hell.
 49314 | Depths:1 | You fall into a shaft and drop 1 floor!
 49409 | Depths:1 | Found Utoadiec's Antique Weapon Boutique.
 49412 | Depths:1 | Found Hoteutoa's Antique Armour Shop.
 49412 | Depths:1 | Found Yggeq's Distillery.
 49417 | Depths:1 | Found Piribb's Armour Shop.
 49461 | Depths:1 | Found a sacrificial altar of Ru.
 49613 | Depths:1 | Found a one-way gateway to a ziggurat.
 50603 | Depths:2 | Found a one-way gate leading to the halls of Pandemonium.
 50737 | Depths:2 | Found a one-way gate to the infinite horrors of the Abyss.
 50842 | Abyss:3  | Cast into level 3 of the Abyss (tengu reaver)
 50846 | Abyss:3  | Learned a level 2 spell: Passwall
 50881 | Abyss:3  | Reached skill level 1 in Transmutations
 50881 | Abyss:3  | Reached skill level 1 in Earth Magic
 50952 | Abyss:3  | Identified the +1 cloak of the Salmon {Str+3} (Okawaru
                  | gifted it to you on level 3 of the Abyss)
 50952 | Abyss:3  | Received a gift from Okawaru
 50957 | Abyss:3  | Got an abyssal rune of Zot
 51070 | Depths:2 | Escaped the Abyss
 51971 | Depths:3 | Noticed a juggernaut
 52011 | Depths:3 | Killed a juggernaut
 52061 | Depths:3 | Reached XP level 23. HP: 122/223 MP: 36/36
 52191 | Depths:3 | Reached skill level 5 in Earth Magic
 52194 | Depths:3 | Reached skill level 5 in Transmutations
 52271 | Depths:3 | Found the +3 greatsling "Punk" {acid, rCorr}
 52863 | Depths:3 | Got Sif Muna's Vellum of Spellbinding Distance
 52912 | Depths:4 | Entered Level 4 of the Depths
 53176 | Depths:4 | Found Ekofyohoss's General Store.
 53270 | Depths:4 | Received a gift from Okawaru
 53844 | Depths:4 | Found a gate to the Realm of Zot.
 54031 | Depths:1 | Bought a potion of ambrosia for 112 gold pieces
 54031 | Depths:1 | Bought a potion of mutation for 112 gold pieces
 54031 | Depths:1 | Bought a potion of magic for 112 gold pieces
 54031 | Depths:1 | Bought a potion of haste for 140 gold pieces
 54031 | Depths:1 | Bought a potion of curing for 42 gold pieces
 54034 | Depths:1 | Bought a polished quick blade for 660 gold pieces
 54034 | Depths:1 | Identified the +10 quick blade of Glory {flame, Str+3
                  | Dex+3} (You bought it in a shop on level 1 of the Depths)
 54035 | Depths:1 | Acquired 818 gold pieces
 54286 | Slime:1  | Entered Level 1 of the Pits of Slime
 54580 | Slime:5  | Entered Level 5 of the Pits of Slime
 54664 | Slime:5  | Received a gift from Okawaru
 54695 | Slime:5  | Noticed the Royal Jelly
 54905 | Slime:5  | Reached skill level 5 in Stealth
 55041 | Slime:5  | Killed the Royal Jelly
 55127 | Slime:5  | Got a slimy rune of Zot
 55138 | Slime:5  | Identified the +1 war axe of Valour {flame, rPois Stlth+}
 55158 | Slime:5  | Identified the +3 quarterstaff of Vidor {speed, Str+2}
 55168 | Slime:5  | Identified the +0 leather armour of Failure {rPois Will-
                  | rCorr Dex+3}
 55432 | Lair:1   | Killed Kobimuze's ghost
 55439 | Lair:1   | Killed Ugopijai's ghost
 55684 | Vaults:5 | Entered Level 5 of the Vaults
 55696 | Vaults:5 | Reached XP level 24. HP: 106/235 MP: 29/36
 55710 | Vaults:5 | Received a gift from Okawaru
 55723 | Vaults:5 | Noticed an ancient lich
 56049 | Vaults:5 | Noticed an ancient lich
 56056 | Vaults:5 | Killed an ancient lich
 56211 | Vaults:5 | Identified the ring of Fudauf {rElec rF+ rC- Int+6}
 56754 | Arena    | Entered the Arena
 56966 | Vaults:5 | Noticed a dread lich
 56981 | Vaults:5 | Killed a dread lich
 56981 | Vaults:5 | Identified the +8 orcbow of Cieqar {heavy, rC+} (Okawaru
                  | gifted it to you on level 5 of the Vaults)
 56981 | Vaults:5 | Received a gift from Okawaru
 57320 | Vaults:5 | Killed an ancient lich
 57429 | Vaults:5 | Identified the +2 great sword "Nicvus" {speed, Fly rN+}
 57720 | Vaults:5 | Identified the staff of poison "Oshat" {rPois Will+++ Int+3
                  | SInv}
 57835 | Vaults:5 | Identified the +2 hand axe "Essekhu" {freeze, Contam rElec
                  | rPois rN++}
 57954 | Vaults:5 | Got the Anthology of Massed Power
 57956 | Vaults:5 | Got a silver rune of Zot
 57959 | Vaults:5 | Got the Grimoire of Heated Translocation
 58263 | D:15     | Killed Saucecrufibb's ghost
 58267 | D:15     | Identified the +9 falchion of Vanity {antimagic, Dex+3}
 58492 | Zot:1    | Entered Level 1 of the Realm of Zot
 58668 | Zot:1    | Reached XP level 25. HP: 190/245 MP: 38/38
 58773 | Zot:1    | Identified the +6 dagger "Gimebliy" {elec, rElec rPois rF-
                  | Str+9}
 59366 | Zot:2    | Identified the +5 pair of gloves "Xedejode" {Int+2 Dex+5}
                  | (Okawaru gifted it to you on level 2 of the Realm of Zot)
 59366 | Zot:2    | Received a gift from Okawaru
 59899 | Zot:2    | Noticed a Killer Klown
 59908 | Zot:2    | Killed a Killer Klown
 60850 | Zot:2    | Noticed an orb of fire
 60851 | Zot:2    | Noticed an orb of fire
 60864 | Zot:2    | Gained mutation: Your mind is acute. (Int +4, Str/Dex -1)
                  | [an orb of fire]
 60867 | Zot:2    | Gained mutation: Potions are less effective at restoring
                  | your health. [an orb of fire]
 61074 | Zot:2    | Killed an orb of fire
 61123 | Zot:2    | Killed an orb of fire
 62005 | Zot:3    | Identified the +0 trident "Udont" {spect, rPois} (Okawaru
                  | gifted it to you on level 3 of the Realm of Zot)
 62005 | Zot:3    | Received a gift from Okawaru
 63037 | Zot:5    | Entered Level 5 of the Realm of Zot
 63746 | Zot:5    | Received a gift from Okawaru
 63847 | Zot:5    | Noticed a dread lich
 63853 | Zot:5    | Killed a dread lich
 63956 | Zot:5    | Reached XP level 26. HP: 256/256 MP: 39/39
 64024 | Zot:5    | Noticed an orb of fire
 64529 | Zot:5    | Gained mutation: You occasionally lose the ability to drink
                  | potions when taking damage. [an orb of fire]
 64540 | Zot:5    | Killed an orb of fire
 64547 | Zot:5    | Noticed a dread lich
 64554 | Zot:5    | Killed a dread lich
 64554 | Zot:5    | Identified the +3 pair of gloves "Joyps" {Fly Str+2}
                  | (Okawaru gifted it to you on level 5 of the Realm of Zot)
 64554 | Zot:5    | Received a gift from Okawaru
 64780 | Zot:5    | Noticed an orb of fire
 64795 | Zot:5    | Gained mutation: You occasionally lose the ability to read
                  | scrolls when taking damage. [an orb of fire]
 64797 | Zot:5    | Killed an orb of fire
 64922 | Zot:5    | Lost mutation: You occasionally lose the ability to read
                  | scrolls when taking damage. [potion of mutation]
 64922 | Zot:5    | Lost mutation: Your mind is acute. (Int +4, Str/Dex -1)
                  | [potion of mutation]
 64922 | Zot:5    | Gained mutation: You are weak. (Str -2) [potion of
                  | mutation]
 64930 | Zot:5    | Noticed an ancient lich
 64942 | Zot:5    | Killed an ancient lich
 65186 | Zot:5    | Noticed an ancient lich
 65195 | Zot:5    | Killed an ancient lich
 65306 | Zot:5    | Noticed an ancient lich
 65311 | Zot:5    | Killed an ancient lich
 65429 | Zot:5    | Got the Orb of Zot
 65640 | Depths:4 | Identified the +0 hat "Bayti" {Harm rPois rF- Dex+3}
                  | (Okawaru gifted it to you on level 4 of the Depths)
 65640 | Depths:4 | Received a gift from Okawaru
 65801 | D:15     | Noticed Ruqur the pandemonium lord
 66348 | D:$      | Escaped with the Orb!

Illustrated notes

Levels and vault maps discovered:
D:1:      onia_arrival_mini_maze_b, layout_loops_ring, nrook_campfire
D:2:      layout_basic, dreamdust_ecumenical_altar_drowned_temple, st_stairs_4,
          grunt_ministairs_11, minmay_surrounded
D:3:      minmay_diamond_boxcup, layout_rooms, mainiacjoe_overflow_brackets,
          hangedman_decor_opposing
D:4:      layout_loops_cross, old_standard_altar,
          minmay_temple_entry_purple_smoke, serial_shops,
          nicolae_shop_tiny_waterfront, uniq_edmund
D:5:      layout_cave_pools, nicolae_overflow_crystal_walls,
          corexii_item_surrounded_by_moat, uniq_ijyb
D:6:      layout_basic, mainiacjoe_overflow_cross_hatched, nicolae_shop_gadgets
D:7:      layout_loops_ring, kennysheep_mini_moat,
          chequers_temple_overflow_statue_of_worship, enter_bailey_2,
          uniq_duvessa
D:8:      layout_loops_corners, xom_butterflies, nzn_hepliaklqana_mist_gate,
          serial_glass, glass_columns_a, glass_columns_c, due_unseen_surprise,
          feat_on_display, feat_on_display, feat_on_display, serial_shops, shop,
          grunt_potential, uniq_maggie
D:9:      layout_stronghold, minmay_mirror_moons_of_madness, uniq_grum
D:10:     layout_gridville, trog_hazing_becter, uniq_gastronok, uniq_sonja,
          uniq_harold
D:11:     layout_grid_maze, grunt_lair_entry_orc_guard_hut, orc_0_dummy,
          uniq_erica
D:12:     layout_irregular_city
D:13:     layout_long_grid, erik_vaults_2, chequers_serial_rivers_room_a,
          minmay_strange_pillars
D:14:     layout_basic, serial_glass, glass_columns_c, glass_columns_a,
          corexii_leaking_fountain
D:15:     grunt_enter_depths_hoard, layout_rooms,
          nicolae_dithmenos_through_a_glass_darkly, ebering_ghost_inner_flame,
          special_room [special_room_orc]
Temple:   bh_familiar_temple
Lair:1:   layout_chaotic_city, gammafunk_ghost_cemetery, beast_lair_carwin_2,
          uniq_urug
Lair:2:   layout_regular_city
Lair:3:   beargit_carnivore_pack, layout_long_grid, skrybe_swamp_entry_bodies,
          nicolae_snake_entry_warm_welcome, grunt_megastairs_2,
          infiniplex_staircase_pool_2, uniq_nessos, uniq_kirke
Lair:4:   layout_cave_shapes, minmay_stone_trees_small, lookout_lair_type,
          lemuel_fruit_tree, serial_bayou_shore_b
Lair:5:   hangedman_lair_caniforms_friends, layout_regular_city,
          hangedman_lair_in_review, slime_entry_1, serial_bayou_pond_c
Swamp:1:  layout_falls_marsh, serial_swamp_ruin, evilmike_swamp_ruin_house_1,
          evilmike_swamp_ruin_house_6
Swamp:2:  layout_basic_swamp, evilmike_swamp_ruin_house_3, uniq_aizul
Swamp:3:  layout_basic_swamp, gammafunk_ghost_split, hangedman_swamp_ruin_wall,
          infiniplex_staircase_pool, uniq_louise
Swamp:4:  swamp_alternative, layout_basic_swamp
Snake:1:  layout_honeycomb, portal_ice_cave_entry_frozen_things,
          nicolae_snake_gridmaze_waves, minmay_shop_star
Snake:2:  layout_misc_corridors
Snake:3:  layout_cave_pods, drop_trap
Snake:4:  snake_pit_salamanders_mu, layout_misc_corridors, drop_trap
Slime:1:  layout_caves
Slime:2:  layout_caves, uniq_dissolution
Slime:3:  layout_caves
Slime:4:  layout_caves, basic_altar
Slime:5
Orc:1:    layout_caves, serial_shops, shop, nicolae_shop_window_shopping, shop,
          uniq_josephine
Orc:2:    st_orc_mages, layout_caves, uniq_donald, uniq_snorg
Elf:1:    minmay_elf_arrival_plus, layout_loops_cross, minmay_elf_demonology,
          nicolae_elf_glassroom_feature
Elf:2:    nicolae_elf_blades_splatter_lattice
          [nicolae_blade_entry_floor_patterns], layout_loops_ring, serial_shops,
          shop, nicolae_elf_free_trip_to_the_abyss, lemuel_upstairs_altar,
          minmay_shop_grove
Elf:3:    grunt_elf_hall_diamonds, layout_loops_corners,
          ebering_ghost_reflecting_pool, serial_sigils_hangedman_etch
Vaults:1: hangedman_vaults_capsules, nicolae_vaults_big_angled_halls,
          nicolae_vaults_offset_grid_hallway_1, gammafunk_sealed_library,
          nicolae_vaults_diamond_1, hangedman_vaults_corner_blocks,
          nicolae_vaults_network_s, nicolae_vaults_mini_display_case,
          nicolae_vaults_spaceships, nicolae_vaults_taking_the_gang_shopping,
          nicolae_vaults_specimen_jars, nicolae_vaults_cornered_office,
          layout_vaults_omnibox, serial_shops, shop, uniq_saint_roka
Vaults:2: nicolae_vaults_border_crossing, nicolae_vaults_tangram_1,
          nicolae_vaults_apartment_1, hangedman_vaults_maws, v_rooms_5,
          v_pattern_2, nicolae_vaults_three_branches, vaults_room_pools,
          vaults_room_fours, layout_vaults_chaotic_city
Vaults:3: vaults_dpeg_spiral, minmay_crypt_entry_necro_gods,
          nicolae_vaults_ring_of_whatevers, v_alt_pattern_4, st_squares,
          hangedman_vaults_stream, nicolae_vaults_rhombus_6,
          nicolae_vaults_prndl, vaults_room_pools, layout_vaults_omnigrid,
          uniq_nikola
Vaults:4: nicolae_vaults_ring_of_whatevers, v_misc_3, dpeg_vaults_monster_row,
          nicolae_vaults_diamond_2, vaults_room_hangedman_quadrants,
          nicolae_vaults_closet_pinwheel_4, v_pattern_4,
          nicolae_vaults_closet_pinwheel_2, nicolae_vaults_little_squares_1,
          grunt_vaults_funnel, nicolae_vaults_diamond_2,
          nicolae_vaults_double_plus_3, vaults_room_hallway,
          nicolae_vaults_double_plus_1, nicolae_vaults_prndl,
          nicolae_vaults_little_squares_4, layout_vaults_omnicross
Vaults:5
Crypt:1:  gammafunk_dig_for_victory, layout_misc_corridors,
          grunt_crypt_arrival_guarded_gate
Crypt:2:  cheibrodos_crypt_down_in_the_bonehoard, layout_gridlike,
          grunt_ministairs_15, nicolae_crypt_cryptocurrency, nzn_life_drinkers
Crypt:3:  cryptofortress_bobbens
Depths:1: layout_cave_shapes, enter_ziggurat_b, hell_entry,
          hangedman_abyss_or_decor_slice, nicolae_ru_great_annihilating_truth,
          grunt_megastairs_1, minmay_shoptagon
Depths:2: minmay_inner_zag, layout_gridlike, abyss_entry_small_statue_room,
          pan_entry, hangedman_geh_valley, grunt_megastairs_3
Depths:3: cheibrodos_salmonella, layout_basic, lightli_too_deep,
          nicolae_abyss_entry_one_way_or_another, ebering_dispersal_statue_hall,
          serial_bayou_shore_b
Depths:4: grunt_zot_entry_hairpin, layout_long_grid, nicolae_the_louvre,
          serial_shops, nicolae_shop_just_a_little_nook, hell_entry
Zot:1:    layout_basic, grunt_ministairs_4, uniq_josephina
Zot:2:    lemuel_firehouse, layout_cathedral_of_symmetry
Zot:3:    kennysheep_ambush_hall, layout_twisted_circle, lemuel_elevator
Zot:4:    layout_cellular_growth, bh_zot_lava_cross, grunt_ministairs_1
Zot:5:    layout_basic

Skill      XL: |  1  2  3  4  5  6  7  8  9 10 11 12 13 14 15 16 17 18 19 20 21 22 23 24 25 26 |
---------------+-------------------------------------------------------------------------------+-----
Stealth        | 1 2 4 6 8 |  8.0
Ranged Weapons | 4 5 6 7 9 11 14 15 16 17 18 21 22 | 22.0
Dodging        | 2 5 6 9 11 12 13 14 15 16 17 18 20 | 20.0
Fighting       | 3 6 7 8 11 13 14 16 17 18 19 20 21 22 23 24 25 | 25.0
Invocations    | 2 8 10 11 12 13 15 16 17 18 19 22 24 25 | 25.8
Throwing       | 1 |  1.0
Evocations     | 2 4 7 12 13 15 16 18 | 18.0
Spellcasting   | 5 6 8 |  8.0
Translocations | 4 6 |  6.0
Transmutations | 4 6 |  6.0
Earth Magic    | 4 6 |  6.0

Action                     |  1- 3 |  4- 6 |  7- 9 | 10-12 | 13-15 | 16-18 | 19-21 | 22-24 | 25-27 || total
---------------------------+-------+-------+-------+-------+-------+-------+-------+-------+-------++-------
  Melee: Unarmed           |       |       |       |       |     2 |       |       |       |       ||     2
   Fire: Shortbow          |   168 |   278 |   108 |       |       |       |       |       |       ||   554
         Longbow           |       |       |   222 |   686 |  1713 |    56 |     6 |    26 |    82 ||  2791
         Arbalest          |       |       |       |       |       |  1514 |  1784 |  1926 |  1043 ||  6267
  Throw: Dart              |       |       |     2 |     9 |     7 |     1 |       |     4 |       ||    23
         Throwing net      |       |       |     2 |     6 |     2 |     1 |       |     1 |       ||    12
   Cast: Blink             |       |       |       |       |       |       |     1 |     3 |     5 ||     9
         Passwall          |       |       |       |       |       |       |       |     5 |     2 ||     7
         Apportation       |       |       |       |       |       |       |       |     2 |     3 ||     5
 Invoke: Heroism           |       |       |     2 |     8 |    12 |     4 |     4 |     7 |    11 ||    48
         Finesse           |       |       |       |     3 |     7 |     3 |     3 |     6 |    13 ||    35
         Duel              |       |       |       |       |       |     1 |     1 |     1 |       ||     3
Ability: Breathe Dispellin |       |       |     1 |     1 |     3 |       |     2 |       |     1 ||     8
  Evoke: Wand              |       |     5 |     5 |     5 |     2 |     2 |     2 |     4 |     5 ||    30
         Lightning rod     |       |       |       |       |       |       |     3 |     1 |       ||     4
         Tin of tremorston |       |       |       |       |       |       |     4 |     4 |       ||     8
         Phial of floods   |       |       |       |       |       |       |     1 |       |       ||     1
    Use: Scroll            |       |       |     5 |     2 |    12 |    13 |     9 |    25 |     7 ||    73
         Potion            |       |       |     2 |       |     1 |     3 |       |    28 |     4 ||    38
 Armour: Skin              |    36 |    63 |    70 |   104 |   195 |    93 |   109 |   164 |    41 ||   875
  Dodge: Dodged            |    47 |   117 |    74 |   247 |   703 |   412 |   619 |   726 |   293 ||  3238

Table legend: (Time is in decaauts)
 A = Elapsed time spent in this place.
 B = Non-inter-level travel time spent in this place.
 C = Inter-level travel time spent in this place.
 D = Time resting spent in this place.
 E = Time spent auto-exploring this place.
 F = Levels seen in this place.
 G = Mean time per level.
                   A        B        C        D        E       F      G
               +--------+--------+--------+--------+--------+-----+--------+
         Total |  64007 |  57637 |   6370 |   4314 |  39196 |  62 | 1032.4 |
       Dungeon |  18717 |  16133 |   2584 |   1197 |  10721 |  15 | 1247.8 |
        Temple |    190 |    167 |     23 |      0 |    162 |   1 |  190.0 |
          Lair |   8299 |   7635 |    664 |    407 |   5433 |   5 | 1659.8 |
         Swamp |   2893 |   2660 |    233 |     62 |   2007 |   4 |  723.2 |
     Snake Pit |   4756 |   4443 |    313 |     92 |   3657 |   4 | 1189.0 |
    Slime Pits |    943 |    858 |     85 |    198 |    203 |   5 |  188.6 |
  Orcish Mines |   1756 |   1496 |    260 |    253 |    873 |   2 |  878.0 |
   Elven Halls |   2687 |   2560 |    127 |     81 |   1966 |   3 |  895.7 |
        Vaults |   7818 |   7168 |    650 |    646 |   4762 |   5 | 1563.6 |
         Crypt |   2837 |   2615 |    222 |    102 |   1800 |   3 |  945.7 |
        Depths |   4901 |   4170 |    731 |      8 |   3117 |   4 | 1225.2 |
           Zot |   6642 |   6166 |    476 |    870 |   3938 |   5 | 1328.4 |
         Abyss |    181 |    181 |      0 |     31 |      0 |   1 |  181.0 |
        Bailey |    442 |    442 |      0 |    231 |     13 |   1 |  442.0 |
      Ice Cave |    872 |    872 |      0 |    113 |    540 |   1 |  872.0 |
         Arena |     68 |     68 |      0 |     19 |      0 |   3 |   22.7 |
               +--------+--------+--------+--------+--------+-----+--------+

Top non-repeatable levels by time:
  Lair:5: 2856 daAuts
   Zot:5: 2182 daAuts
  Lair:3: 2161 daAuts
Vaults:5: 2111 daAuts
   Zot:2: 1985 daAuts
 Snake:4: 1972 daAuts
     D:8: 1916 daAuts
    D:11: 1781 daAuts
     D:6: 1690 daAuts
     D:9: 1686 daAuts
Vaults:3: 1626 daAuts
  Lair:2: 1524 daAuts
Depths:3: 1423 daAuts
Vaults:4: 1394 daAuts
   Elf:3: 1354 daAuts
